 Dungeon Crawl Stone Soup version 0.31-a0-187-gba352fbbf7 (webtiles) character file.

Game seed: 11396869448659874412

24772 inmateoo the Cleaver (level 12, -12/110 HPs)
             Began as a Minotaur Fighter on June 22, 2023.
             Was the Champion of Okawaru.
             Mangled by a meliai
             ... wielding a +0 hand axe
              (13 damage)
             ... on level 13 of the Dungeon.
             The game lasted 00:11:21 (10878 turns).

inmateoo the Cleaver (Minotaur Fighter)            Turns: 10878, Time: 00:11:22

Health: -12/110    AC: 16    Str: 24    XL:     12   Next: 83%
Magic:  16/16      EV: 11    Int:  5    God:    Okawaru [******]
Gold:   276        SH: 17    Dex: 18    Spells: 11/11 levels left

rFire   + . .        c - +13 consecrated labrys {holy, Valiant Fragile Fly SInv}
rCold   + + .        x - +0 kite shield
rNeg    . . .        j - +0 plate armour
rPois   .            (helmet restricted)
rElec   .            k - scarf of Benask {rC+ rF+, -Cast Will+ Slay+4}
rCorr   .            o - +0 pair of gloves
SInv    +            (no boots)
Will    +....        e - amulet of reflection Stlth
                     h - ring of protection from cold
HPRegen 0.38/turn    s - +6 ring of dexterity
MPRegen 0.15/turn

%: no spellcasting, reflection
@: lethally poisoned (-12 -> -53), flying
A: horns 2, retaliatory headbutt
a: Renounce Religion, Heroism, Finesse, Duel


You were on level 13 of the Dungeon.
You worshipped Okawaru.
Okawaru was exalted by your worship.
You visited 2 branches of the dungeon, and saw 14 of its levels.
You visited 1 bazaar.

You collected 681 gold pieces.
You spent 405 gold pieces at shops.

Inventory:

Hand Weapons
 c - the +13 consecrated labrys (weapon) {holy, Valiant Fragile Fly SInv}
   (You acquired it on level 7 of the Dungeon)

   Valiant:   It becomes more powerful as more dangerous foes come into view.
   SInv:      It lets you see invisible.
   Fly:       It grants you flight.
   Fragile:   It will be destroyed if unequipped.
 I - a +5 heavy broad axe
Missiles
 E - 4 throwing nets
Armour
 j - a +0 plate armour (worn)
 k - the scarf of Benask (worn) {rC+ rF+, -Cast Will+ Slay+4}
   (Okawaru gifted it to you on level 13 of the Dungeon)

   Slay:      It affects your accuracy & damage with ranged weapons and melee
   (+4).
   -Cast:     It prevents spellcasting.
   Will:      It increases your willpower.
 o - a +0 pair of gloves (worn)
 x - a +0 kite shield (worn)
Jewellery
 e - an amulet of reflection (around neck)
 h - a ring of protection from cold (left hand)
 n - a ring of fire
 s - a +6 ring of dexterity (right hand)
Wands
 B - a wand of mindburst (17)
 D - a wand of iceblast (12)
 J - a wand of flame (3)
Scrolls
 a - a scroll of amnesia
 g - 3 scrolls of brand weapon
 l - 2 scrolls of identify
 m - 5 scrolls of teleportation
 p - 3 scrolls of immolation
 t - 3 scrolls of poison
 v - a scroll of revelation
 y - a scroll of butterflies
 H - 2 scrolls of enchant armour
Potions
 b - a potion of cancellation
 d - 2 potions of might
 f - 4 potions of haste
 i - 3 potions of lignification
 q - 12 potions of curing
 r - 4 potions of brilliance
 u - 2 potions of mutation
 w - a potion of enlightenment
 z - a potion of magic
 F - 3 potions of attraction
 K - a potion of ambrosia
 L - a potion of heal wounds


   Skills:
 + Level 11.0 Fighting
 * Level 14.5 Axes
 + Level 11.0 Armour
 + Level 9.1 Dodging
 + Level 10.7 Shields
 * Level 6.9 Invocations


You had 11 spell levels left.
You didn't know any spells.
Your spell library contained the following spells:

 Spells                   Type           Power      Damage    Failure   Level
 Magic Dart               Conj           0%         1d3       100%        1
 Sandblast                Erth           0%         2d4       100%        1
 Blink                    Tloc           0%         N/A       100%        2
 Lesser Beckoning         Tloc           0%         N/A       100%        2
 Momentum Strike          Conj/Tloc      0%         3d8       100%        2
 Passwall                 Tmut/Erth      0%         N/A       100%        2
 Searing Ray              Conj           0%         2d4       100%        2
 Sublimation of Blood     Necr           0%         N/A       100%        2
 Wereblood                Tmut           0%         N/A       100%        2
 Inner Flame              Hex/Fire       0%         N/A       100%        3
 Stone Arrow              Conj/Erth      0%         3d7       100%        3
 Flame Wave               Conj/Fire      0%         2d4       100%        4
 Fulminant Prism          Conj/Hex       0%         3d5       100%        4
 Sticky Flame             Conj/Fire      0%         2d3       100%        4
 Blade Hands              Tmut           0%         N/A       100%        5
 Irradiate                Conj/Tmut      0%         3d11      100%        5
 Dragon Form              Tmut           0%         N/A       100%        7
 Orb of Destruction       Conj           0%         9d5       100%        7
 Summon Guardian Golem    Hex/Summ       Unusable   N/A       N/A         3
 Spellforged Servitor     Conj/Summ      Unusable   N/A       N/A         7
 Summon Hydra             Summ           Unusable   N/A       N/A         7

Dungeon Overview and Level Annotations

Branches:
Dungeon (13/15)            Temple (1/1) D:5            Lair (0/5) D:10
    Orc (0/2) D:11         Vaults (0/5) D:13

Altars:
Ashenzari
Cheibriados
Dithmenos
Elyvilon
Fedhas
Gozag
Hepliaklqana
Kikubaaqudgha
Makhleb
Nemelex Xobeh
Okawaru
Qazlal
Ru
Sif Muna
Trog
Uskayaw
Vehumet
Wu Jian
Xom
Yredelemnul
Zin
The Shining One


Innate Abilities, Weirdness & Mutations

You have a pair of horns on your head.
You reflexively headbutt those who attack you in melee.


Message History

You block the meliai's attack. The meliai hits you with a +0 hand axe!
The meliai stings you but does no damage.
You hear an angry buzzing noise. x2
You hit the meliai.
The meliai is severely wounded.
You feel very sick. You block the meliai's attack. x2
The killer bee rages.
The meliai hits you with a +0 hand axe!
* * * LOW HITPOINT WARNING * * *
The meliai stings you.
* * * LOW HITPOINT WARNING * * *
You are lethally poisoned!
The meliai poisons you! You block the meliai's attack.
The meliai closely misses you.
You are too injured to fight recklessly!
You barely miss the meliai.
The meliai is severely wounded.
* * * LOW HITPOINT WARNING * * *
You feel extremely sick. The meliai closely misses you.
You furiously retaliate!
You headbutt the meliai. You block the meliai's attack.
The killer bee rages.
The meliai misses you. You block the meliai's attack.
You hear an angry buzzing noise.
You block the meliai's attack. The meliai barely misses you.
You hear an angry buzzing noise.
You are too injured to fight recklessly!
You hit the meliai. You headbutt the meliai.
The meliai is almost dead.
* * * LOW HITPOINT WARNING * * *
You feel very sick. The meliai hits you with a +0 hand axe.
* * * LOW HITPOINT WARNING * * *
The meliai stings you!
* * * LOW HITPOINT WARNING * * *
You are more poisoned.
The meliai poisons you! You block the meliai's attack. x3
The meliai stings you!
You die... #### #......!! ######... #......! +)...'... #.yyy.? ######... #yyyyy #... #yyyy #... yyy

#...
#y#
#...
#@#
##'#
#.#
#.#
#.#
#..
#.##
####
#..#
#...
##.#
#...
#.##
#...
#..#
#...
##.#
#...


You could see a queen bee, 2 meliai and 13 killer bees.

Vanquished Creatures
  A very ugly thing (D:13)
  A vault guard (D:13)
  Erolcha (D:12)
  6 centaur warriors (D:13)
  3 two-headed ogres
  3 boulder beetles
  2 manticores (D:11)
  A cyclops (D:12)
  An elephant (D:10)
  An unseen horror (D:13)
  4 kobold demonologists
  2 komodo dragons
  5 trolls
  Prince Ribbit (D:9)
  A wind drake (shapeshifter) (D:13)
  3 slime creatures (D:12)
  2 shadows
  A vampire (D:12)
  2 wraiths (D:13)
  3 wyverns
  11 yaks
  Eustachio (D:6)
  4 vampire mosquitoes
  2 acid dragons
  2 basilisks
  A water moccasin (D:7)
  6 orc warriors
  An ice beast (D:5)
  2 black bears
  A sky beast (D:8)
  3 ogres
  13 centaurs
  3 phantoms
  Blork the orc (D:7)
  3 bullfrogs
  7 kobold brigands
  2 gnoll sergeants
  5 scorpions
  22 wights
  15 killer bees
  2 electric eels (D:11)
  3 howler monkeys (D:10)
  A hound (D:5)
  A gnoll bouda (D:6)
  6 orc priests
  A jelly (D:5)
  4 iguanas
  12 orc wizards
  A sleepcap (D:6)
  16 gnolls
  7 adders
  2 shadow imps (D:5)
  2 ufetubi
  6 worms
  2 dart slugs (D:1)
  45 orcs
  14 ball pythons
  5 endoplasms
  3 giant cockroaches
  5 goblins
  7 hobgoblins
  9 jackals
  4 quokkas
  4 bats
  6 frilled lizards
  35 kobolds
  4 rats
356 creatures vanquished.

Vanquished Creatures (others)
  An orc wizard (D:9)
1 creature vanquished.

Grand Total: 357 creatures vanquished

Notes
Turn   | Place    | Note
-------+----------+-------------------------------------------
     0 | D:1      | inmateoo the Minotaur Fighter began the quest for the Orb.
     0 | D:1      | Reached XP level 1. HP: 19/19 MP: 0/0
   141 | D:1      | Reached XP level 2. HP: 27/27 MP: 1/1
   256 | D:1      | Reached skill level 3 in Axes
   370 | D:1      | Reached XP level 3. HP: 27/33 MP: 2/2
   496 | D:1      | Reached skill level 1 in Dodging
   555 | D:1      | You fall into a shaft and drop 1 floor!
   569 | D:2      | Identified the +1 mace of Truncation {freeze, rC+ Str+5
                  | Int+2}
   643 | D:2      | Reached XP level 4. HP: 22/40 MP: 3/3
   787 | D:2      | Reached skill level 4 in Axes
  1661 | D:3      | Reached XP level 5. HP: 47/47 MP: 4/4
  2924 | D:4      | Noticed an acid dragon
  2938 | D:4      | Killed an acid dragon
  2939 | D:4      | Reached skill level 5 in Axes
  2939 | D:4      | Reached XP level 6. HP: 22/53 MP: 5/5
  3256 | D:5      | Entered Level 5 of the Dungeon
  3273 | D:5      | Reached skill level 5 in Fighting
  3273 | D:5      | Reached skill level 5 in Armour
  3280 | D:5      | Reached skill level 5 in Shields
  3287 | D:5      | Reached XP level 7. HP: 57/61 MP: 6/6
  3347 | D:5      | Reached skill level 6 in Axes
  3357 | D:5      | Found a staircase to the Ecumenical Temple.
  3401 | Temple   | Entered the Ecumenical Temple
  3704 | D:5      | Reached XP level 8. HP: 23/70 MP: 7/7
  4100 | D:5      | Found a shadowy altar of Dithmenos.
  4100 | D:5      | Found a glowing golden altar of the Shining One.
  4110 | D:5      | Reached skill level 7 in Axes
  4123 | D:5      | Found a radiant altar of Vehumet.
  4126 | D:5      | Found a white marble altar of Elyvilon.
  4128 | D:5      | Found an iron altar of Okawaru.
  4132 | D:5      | Found a snail-covered altar of Cheibriados.
  4134 | D:5      | Became a worshipper of Warmaster Okawaru
  4557 | D:6      | Noticed Eustachio
  4578 | D:6      | Killed Eustachio
  4578 | D:6      | Reached * piety under Okawaru
  4606 | D:6      | Reached skill level 8 in Axes
  5039 | D:7      | Noticed Blork the orc
  5050 | D:7      | Killed Blork the orc
  5060 | D:7      | Reached XP level 9. HP: 48/78 MP: 8/8
  5161 | D:7      | Reached skill level 5 in Dodging
  5301 | D:7      | Reached ** piety under Okawaru
  5302 | D:7      | Reached skill level 9 in Axes
  5919 | D:7      | Reached *** piety under Okawaru
  6113 | D:7      | Identified a scroll of acquirement
  6113 | D:7      | Acquired the +4 consecrated labrys {holy, Valiant Fragile
                  | Fly SInv}
  6113 | D:7      | Found the +4 consecrated labrys {holy, Valiant Fragile Fly
                  | SInv}
  6243 | D:8      | Reached skill level 10 in Axes
  6395 | D:8      | Reached XP level 10. HP: 88/88 MP: 9/9
  6715 | D:8      | Found an ancient bone altar of Kikubaaqudgha.
  6829 | D:9      | Noticed Prince Ribbit
  6840 | D:9      | Killed Prince Ribbit
  6859 | D:9      | Reached **** piety under Okawaru
  6861 | D:9      | Reached skill level 11 in Axes
  7000 | D:9      | Noticed a two-headed ogre
  7005 | D:9      | Killed a two-headed ogre
  7169 | D:9      | Reached ***** piety under Okawaru
  7246 | D:9      | Noticed a rust devil
  7247 | D:9      | Reached skill level 12 in Axes
  7250 | D:9      | Noticed a sixfirhy
  7253 | D:9      | Reached XP level 11. HP: 77/97 MP: 10/10
  7460 | D:10     | Entered Level 10 of the Dungeon
  7527 | D:10     | Identified the +3 ring mail "Xutus" {Dex+3 SInv} (Okawaru
                  | gifted it to you on level 10 of the Dungeon)
  7527 | D:10     | Received a gift from Okawaru
  7528 | D:10     | Reached skill level 1 in Invocations
  7964 | D:10     | Found a staircase to the Lair.
  8176 | D:11     | Found a staircase to the Orcish Mines.
  8272 | D:11     | Noticed a boulder beetle
  8306 | D:11     | Killed a boulder beetle
  8484 | D:11     | Noticed a boulder beetle
  8694 | D:11     | Found a gateway to a bazaar.
  8705 | Bazaar   | Entered a bazaar
  8705 | Bazaar   | Found Qidasyrch's Book Shoppe.
  8705 | Bazaar   | Found Fehauty's Armour Shoppe.
  8705 | Bazaar   | Found Atugao Refi's Assorted Antiques.
  8707 | Bazaar   | Found Hosea's Armour Emporium.
  8718 | Bazaar   | Bought a scroll of enchant weapon for 135 gold pieces
  8718 | Bazaar   | Bought a scroll of identify for 36 gold pieces
  8718 | Bazaar   | Bought a scroll of teleportation for 54 gold pieces
  8718 | Bazaar   | Bought a potion of haste for 180 gold pieces
  9201 | D:11     | Killed a boulder beetle
  9202 | D:11     | Reached skill level 13 in Axes
  9248 | D:12     | Noticed a boulder beetle
  9310 | D:12     | Reached skill level 10 in Fighting
  9354 | D:12     | Noticed Erolcha
  9362 | D:12     | Killed Erolcha
  9363 | D:12     | Reached skill level 10 in Armour
  9665 | D:12     | Reached ****** piety under Okawaru
  9673 | D:12     | Killed a boulder beetle
  9674 | D:12     | Reached XP level 12. HP: 106/106 MP: 14/14
  9865 | D:12     | Reached skill level 10 in Shields
  9871 | D:12     | Received a gift from Okawaru
  9872 | D:12     | Reached skill level 5 in Invocations
  9955 | D:12     | Found a bloodstained altar of Trog.
  9972 | D:12     | Identified the +1 rapier "Leshru" {antimagic, rElec Str+9
                  | Int-4}
 10032 | D:12     | Noticed a two-headed ogre
 10042 | D:12     | Killed a two-headed ogre
 10159 | D:13     | Noticed a two-headed ogre
 10164 | D:13     | Killed a two-headed ogre
 10172 | D:13     | Noticed a centaur warrior
 10177 | D:13     | Killed a centaur warrior
 10183 | D:13     | Received a gift from Okawaru
 10244 | D:13     | Noticed a six-headed hydra
 10500 | D:13     | Noticed a centaur warrior
 10500 | D:13     | Noticed a centaur warrior
 10506 | D:13     | Killed a centaur warrior
 10511 | D:13     | Reached skill level 14 in Axes
 10512 | D:13     | Killed a centaur warrior
 10546 | D:13     | Noticed a brown very ugly thing
 10553 | D:13     | Noticed a centaur warrior
 10557 | D:13     | Killed a brown very ugly thing
 10558 | D:13     | Found a gate to the Vaults.
 10558 | D:13     | Noticed a vault guard
 10560 | D:13     | Noticed a centaur warrior
 10561 | D:13     | Killed a centaur warrior
 10566 | D:13     | Killed a vault guard
 10566 | D:13     | Killed a centaur warrior
 10566 | D:13     | Identified the scarf of Benask {rC+ rF+, -Cast Will+
                  | Slay+4} (Okawaru gifted it to you on level 13 of the
                  | Dungeon)
 10566 | D:13     | Received a gift from Okawaru
 10804 | D:13     | Noticed a centaur warrior
 10807 | D:13     | Killed a centaur warrior
 10878 | D:13     | HP: 1/110 [meliai/+0 hand axe (12)]
 10878 | D:13     | Mangled by a meliai

Illustrated notes

Levels and vault maps discovered:
D:1:      dpeg_arrival_connections, layout_loops_ring
D:2:      layout_loops_ring
D:3:      layout_basic, lexackson_kobold_supper
D:4:      layout_loops_ring
D:5:      layout_cave_pools, nicolae_overflow_hallway_of_the_gods,
          minmay_temple_entry_statues_fountains, grunt_ministairs_2,
          serial_bayou_pond_c
D:6:      layout_basic, uniq_eustachio
D:7:      layout_gridville, minmay_misc_feat_plants, st_stairs_14,
          reono_crystal_passage, sword_in_stone
D:8:      layout_loops_ring, amcnicky_altar_gilded
D:9:      layout_gridville, uniq_prince_ribbit1
D:10:     layout_irregular_city, david_lair_generic
D:11:     layout_gridville, david_orc_2, serial_shops, bzr_entry_water,
          serial_bayou, serial_bayou_ford_a, serial_bayou_pond_e,
          serial_bayou_pond_b, serial_bayou_pond_e, serial_bayou_pond_d,
          serial_bayou_pond_e
D:12:     layout_irregular_city, tgw_trog, uniq_erolcha
D:13:     layout_roguey [special_room_bee], david_vaults_5,
          nicolae_trove_entry_isolated, feat_on_display
Temple:   nicolae_temple_bog_church

Skill      XL: |  1  2  3  4  5  6  7  8  9 10 11 12 |
---------------+-------------------------------------+-----
Axes           | 3 4 5 6 8 10 12 13 14 | 14.5
Dodging        | 1 2 3 4 6 7 8 9 |  9.1
Shields        | 4 5 6 7 9 10 | 10.7
Fighting       | 4 5 6 8 9 10 11 | 11.0
Armour         | 4 5 6 7 9 10 11 | 11.0
Invocations    | 4 6 |  6.9

Action                     |  1- 3 |  4- 6 |  7- 9 | 10-12 || total
---------------------------+-------+-------+-------+-------++-------
  Melee: War axe           |    79 |   153 |   196 |       ||   428
         Headbutt          |     7 |    17 |    47 |    87 ||   158
         Labrys            |       |       |    12 |   357 ||   369
    Use: Scroll            |       |     7 |     8 |    12 ||    27
         Potion            |       |     1 |       |       ||     1
 Armour: Scale mail        |    33 |    35 |       |       ||    68
         Plate armour      |       |    32 |   111 |   158 ||   301
  Dodge: Dodged            |    33 |    43 |    47 |   102 ||   225
  Block: Buckler           |    48 |    73 |    62 |       ||   183
         Reflection        |     1 |     1 |    10 |    25 ||    37
         Kite shield       |       |       |   101 |   356 ||   457

Table legend: (Time is in decaauts)
 A = Elapsed time spent in this place.
 B = Non-inter-level travel time spent in this place.
 C = Inter-level travel time spent in this place.
 D = Time resting spent in this place.
 E = Time spent auto-exploring this place.
 F = Levels seen in this place.
 G = Mean time per level.
                   A        B        C        D        E       F      G
               +--------+--------+--------+--------+--------+-----+--------+
         Total |  11016 |  10534 |    482 |   2091 |   6389 |  15 |  734.4 |
       Dungeon |  10786 |  10325 |    461 |   2091 |   6200 |  13 |  829.7 |
        Temple |    213 |    192 |     21 |      0 |    178 |   1 |  213.0 |
        Bazaar |     16 |     16 |      0 |      0 |     10 |   1 |   16.0 |
               +--------+--------+--------+--------+--------+-----+--------+

Top non-repeatable levels by time:
     D:7: 1071 daAuts
    D:11: 1052 daAuts
     D:3: 937 daAuts
    D:12: 894 daAuts
     D:5: 857 daAuts
     D:1: 829 daAuts
     D:8: 823 daAuts
     D:2: 806 daAuts
    D:13: 758 daAuts
     D:4: 753 daAuts
    D:10: 704 daAuts
     D:6: 658 daAuts
     D:9: 639 daAuts
  Temple: 213 daAuts
  Bazaar: 16 daAuts
